 Dungeon Crawl Stone Soup version 0.28-a0-1389-gc726bef33b (webtiles) character file.

Game seed: 13487792102013364812

8691 Deminshera the Summoner (level 11, -6/111 HPs)
             Began as an Ogre Summoner on Jan 3, 2022.
             Was a High Priest of the Shining One.
             Mangled by a two-headed hydra (11 damage)
             ... on level 9 of the Dungeon.
             The game lasted 00:27:46 (19588 turns).

Deminshera the Summoner (Ogre Summoner)            Turns: 19588, Time: 00:27:47

Health: -6/111     AC:  7    Str: 14    XL:     11   Next: 34%
Magic:  22/23      EV: 10    Int: 20    God:    the Shining One [*****.]
Gold:   123        SH:  0    Dex:  9    Spells: 5/27 levels left

rFire   + . .      SeeInvis .   c - +1 spear
rCold   + . .      Faith    .   (no shield)
rNeg    + + .      Spirit   .   a - +1 robe
rPois   +          Reflect  .   (helmet restricted)
rElec   +          Harm     .   y - +2 cloak {rPois}
rCorr   +          Rampage  .   (gloves unavailable)
Will    ++...                   (boots unavailable)
Stlth   +.........              s - amulet of regeneration
HPRegen 1.08/turn               r - ring of wizardry
MPRegen 0.18/turn               v - ring of willpower

@: resistant, glowing
A: large, unfitting armour, tough skin 1
a: Renounce Religion, Divine Shield, Cleansing Flame, Summon Divine Warrior


You were on level 9 of the Dungeon.
You worshipped the Shining One.
The Shining One was extremely pleased with you.
You visited 2 branches of the dungeon, and saw 10 of its levels.
You also visited: Ossuary.

You collected 711 gold pieces.
You spent 588 gold pieces at shops.

Inventory:

Hand Weapons
 c - a +1 spear (weapon)
 g - a +4 halberd
Missiles
 i - a throwing net
Armour
 a - a +1 robe (worn)
 y - a +2 cloak of poison resistance (worn)
Jewellery
 k - a ring of see invisible
 r - a ring of wizardry (left hand)
 s - an amulet of regeneration (around neck)
 v - a ring of willpower (right hand)
Wands
 n - a wand of paralysis (13)
 u - a wand of flame (54)
 w - a wand of polymorph (1)
Scrolls
 h - 2 scrolls of enchant weapon
 m - 7 scrolls of identify
 o - a scroll of enchant armour
 p - a scroll of fog
 x - a scroll of silence
Potions
 b - a potion of flight
 e - a potion of might
 f - a potion of curing
 j - 4 potions of mutation
 l - 6 potions of brilliance
 t - 2 potions of ambrosia


   Skills:
 - Level 8.0 Fighting
 - Level 2.0 Dodging
 - Level 2.0 Stealth
 + Level 8.8 Spellcasting
 + Level 10.4 Summonings
 - Level 7.0 Air Magic
 - Level 6.0 Invocations


You had 5 spell levels left.
You knew the following spells:

 Your Spells              Type           Power      Damage    Failure   Level
a - Summon Small Mammal   Summ           100%       N/A       1%          1
b - Call Imp              Summ           50%        N/A       1%          2
c - Call Canine Familiar  Summ           50%        N/A       1%          3
d - Summon Lightning Spi  Summ/Air       43%        N/A       1%          4
e - Summon Forest         Summ/Tloc      14%        N/A       11%         5
f - Summon Hydra          Summ           25%        N/A       34%         7

Your spell library contained the following spells:

 Spells                   Type           Power      Damage    Failure   Level
 Summon Guardian Golem    Hex/Summ       29%        N/A       1%          3
 Swiftness                Air            36%        N/A       1%          3
 Beastly Appendage        Tmut           16%        N/A       3%          1
 Mephitic Cloud           Conj/Pois/Air  18%        N/A       3%          3
 Ensorcelled Hibernation  Hex/Ice        16%        N/A       4%          2
 Passwall                 Tmut/Erth      6%         N/A       4%          2
 Wereblood                Tmut           8%         N/A       4%          2
 Ignite Poison            Fire/Tmut/Pois 8%         N/A       10%         3
 Spider Form              Tmut/Pois      8%         N/A       10%         3
 Freezing Cloud           Conj/Ice/Air   9%         6-21      32%         5
 Eringya's Noxious Bog    Tmut/Pois      4%         N/A       99%         6


Dungeon Overview and Level Annotations

Branches:
Dungeon (9/15)             Temple (1/1) D:5         Ossuary (visited)
   Lair: D:8-11         Orc: D:9-12

Altars:
Cheibriados
Dithmenos
Elyvilon
Fedhas
Gozag
Hepliaklqana
Kikubaaqudgha
Makhleb
Nemelex Xobeh
Okawaru
Qazlal
Ru
Trog
Uskayaw
Vehumet
Wu Jian
Xom
Zin
The Shining One

Shops:
D:6 :   D:9 ?

Annotations:
D:9 2 transporters


Innate Abilities, Weirdness & Mutations

You are too large for most types of armour.
You have tough skin. (AC +1)


Message History

The bolt of electricity hits the kobold brigand!
The kobold brigand hits you from afar with a +0 halberd.
* * * LOW HITPOINT WARNING * * *
You feel better.
The dream sheep bites your lightning spire but does no damage.
Your lightning spire shoots out a bolt of lightning at the kobold brigand!
The bolt of electricity hits the dream sheep!
The dream sheep dies!
The bolt of electricity hits the kobold brigand!
The dream sheep bites you but does no damage.
The kobold brigand barely misses you.
You feel better. The dream sheep closely misses you.
The two-headed hydra bites you.
* * * LOW HITPOINT WARNING * * *
The two-headed hydra bites you.
* * * LOW HITPOINT WARNING * * *
The kobold brigand hits you from afar with a +0 halberd.
* * * LOW HITPOINT WARNING * * *
You feel better.
The dream sheep ruffles its wool and motes of dream dust sparkle, to no effect.
Your lightning spire shoots out a bolt of lightning at the kobold brigand!
The bolt of electricity hits the two-headed hydra!
The bolt of electricity hits the kobold brigand!
The kobold brigand dies!
The two-headed hydra bites you but does no damage. x2
The kobold brigand hits you from afar with a +0 halberd!
* * * LOW HITPOINT WARNING * * *
You feel better. The dream sheep bites you.
* * * LOW HITPOINT WARNING * * *
The two-headed hydra bites you but does no damage.
The two-headed hydra bites you!
* * * LOW HITPOINT WARNING * * *
The kobold brigand hits you from afar with a +0 halberd.
* * * LOW HITPOINT WARNING * * *
You feel better.
The dream sheep bites you but does no damage.
The two-headed hydra bites you.
* * * LOW HITPOINT WARNING * * *
The two-headed hydra bites you!
You die...

#.# #........# # #.#'###
##'########## #.#.≈≈.
.#..# §§§§§ #.#≈≈≈.
♣.#..# §§§§§ #.#≈≈≈. ♣.
#..# §§§§§
#.#≈≈..♣.♣.##'# §§§§§ #.#
≈K)≈. #..# §####
#.#####D####..# 8#_..
#.....8Y@#....# §####
#....#####....# §§§§
#....##..###### §§§§
#.............# §§§
#.............#
#...)##..################
#....##..######.##.......
#................#.......
#.......[........'.......


You could see a two-headed hydra, a kobold brigand, a dream sheep (ally target)
and a friendly lightning spire (summoned).

Vanquished Creatures
  A wyvern (D:7)
  An orc warrior (D:8)
  A wolf (D:8)
  A wight (D:5)
  4 killer bees
  4 electric eels (D:4)
  A nameless horror (D:5)
  3 centaur zombies
  A hound (D:5)
  A jelly (D:6)
  2 bullfrog skeletons
  A hound skeleton (D:5)
  A mummy (Ossuary)
  A howler monkey zombie (D:6)
  5 adders
  4 gnolls (D:8)
  A shadow imp (D:8)
  An ufetubus (D:6)
  An adder zombie (Ossuary)
  A dart slug (D:3)
  6 orcs
  3 ball pythons
  3 endoplasms
  2 giant cockroaches
  4 goblins
  A hobgoblin (D:3)
  5 kobolds
  A quokka (D:4)
  3 bats
  3 frilled lizards
  4 goblin zombies
  A hobgoblin zombie (Ossuary)
  2 jackal zombies (Ossuary)
  5 kobold zombies (Ossuary)
  An orc zombie (Ossuary)
  A rat (D:2)
81 creatures vanquished.

Vanquished Creatures (collateral kills)
  Erica (D:8)
  A cyclops (D:7)
  Joseph (D:8)
  A gargoyle (D:7)
  A hornet (D:8)
  A dream sheep (D:9)
  Sigmund (D:6)
  A vampire (D:7)
  4 wraiths (D:7)
  A wyvern (D:9)
  4 yaks
  Grum (D:8)
  Duvessa (D:4)
  4 ice beasts (D:7)
  2 black bears
  2 orc warriors
  2 necrophages (D:5)
  A centaur (D:8)
  An ogre (D:4)
  A phantom (D:6)
  A wolf (D:8)
  Blork the orc (D:6)
  3 kobold brigands
  2 bullfrogs
  2 scorpions
  Dowan (D:4)
  A water moccasin skeleton (D:5)
  12 killer bees
  16 wights
  3 howler monkeys
  2 centaur zombies
  3 bullfrog zombies
  3 hounds
  2 centaur skeletons (D:7)
  An orc priest (D:8)
  3 jellies
  2 gnoll shamans
  An iguana (D:4)
  An orc wizard (D:6)
  A hound zombie (D:5)
  A mummy (Ossuary)
  6 gnolls
  3 adders
  2 white imps
  An ufetubus (D:5)
  An adder zombie (D:5)
  A dart slug (D:4)
  5 orcs
  2 ball pythons (D:1)
  2 endoplasms
  A giant cockroach (D:1)
  3 hobgoblins
  5 jackals
  11 kobolds
  A bat (D:3)
  3 frilled lizards
  3 goblins
  2 goblin zombies (Ossuary)
  9 hobgoblin zombies (Ossuary)
  A jackal zombie (Ossuary)
  4 kobold zombies (Ossuary)
  6 orc zombies (Ossuary)
  A rat (D:3)
  A rat zombie (Ossuary)
168 creatures vanquished.

Vanquished Creatures (others)
  9 plants
9 creatures vanquished.

Grand Total: 258 creatures vanquished

Notes
Turn   | Place    | Note
-------+----------+-------------------------------------------
     0 | D:1      | Deminshera the Ogre Summoner began the quest for the Orb.
     0 | D:1      | Reached XP level 1. HP: 16/16 MP: 3/3
   654 | D:1      | Reached XP level 2. HP: 22/24 MP: 3/5
   782 | D:1      | Learned a level 2 spell: Call Imp
  1160 | D:1      | Found a faded altar of an unknown god.
  1476 | D:1      | Reached XP level 3. HP: 7/31 MP: 2/7
  1814 | D:1      | Learned a level 3 spell: Call Canine Familiar
  2759 | D:2      | Reached skill level 4 in Summonings
  4427 | D:3      | Reached XP level 4. HP: 39/39 MP: 6/9
  4567 | D:3      | Learned a level 4 spell: Summon Lightning Spire
  5104 | D:3      | Found a sparkling altar of Nemelex Xobeh.
  5165 | D:3      | Identified the +0 hunting sling of Lies {freeze, rC+ rN+
                  | Int+4}
  5462 | D:4      | Reached skill level 1 in Air Magic
  5622 | D:4      | Noticed a black bear
  5660 | D:4      | Killed a black bear
  5661 | D:4      | Reached XP level 5. HP: 27/45 MP: 4/11
  5970 | D:4      | Reached XP level 6. HP: 50/53 MP: 5/12
  6650 | D:4      | Found a transporter.
  6676 | D:4      | Reached skill level 5 in Summonings
  6694 | D:4      | Found a transporter.
  6749 | D:4      | Reached skill level 5 in Spellcasting
  6814 | D:4      | Reached XP level 7. HP: 34/59 MP: 14/14
  8494 | D:4      | Noticed Duvessa
  8506 | D:4      | Killed Duvessa
  8508 | D:4      | Noticed Dowan
  8515 | D:4      | Killed Dowan
  8516 | D:4      | Reached skill level 6 in Summonings
  8892 | D:5      | Entered Level 5 of the Dungeon
  8962 | D:5      | Reached XP level 8. HP: 56/67 MP: 11/15
  9374 | D:5      | Reached skill level 5 in Air Magic
 10610 | D:5      | Found a hide-covered altar of Uskayaw.
 10957 | D:5      | Found a staircase to the Ecumenical Temple.
 10962 | Temple   | Entered the Ecumenical Temple
 11091 | Temple   | Became a worshipper of the Shining One
 12118 | D:6      | Reached skill level 7 in Summonings
 12120 | D:6      | Found Yjeos's Book Boutique.
 12126 | D:6      | Noticed Sigmund
 12164 | D:6      | Killed Sigmund
 12165 | D:6      | Reached XP level 9. HP: 58/74 MP: 12/18
 12313 | D:6      | Found a sand-covered staircase.
 12323 | Ossuary  | Entered an ossuary
 12328 | Ossuary  | Reached * piety under the Shining One
 12428 | Ossuary  | Reached ** piety under the Shining One
 12489 | Ossuary  | Reached skill level 8 in Summonings
 12533 | Ossuary  | Reached skill level 1 in Fighting
 12549 | Ossuary  | Reached *** piety under the Shining One
 12679 | D:6      | Noticed Blork the orc
 12691 | D:6      | Killed Blork the orc
 12893 | D:6      | Reached **** piety under the Shining One
 12938 | D:6      | Found an opulent altar of Gozag.
 12945 | D:6      | Found an opulent altar of Gozag.
 12970 | D:6      | Found an opulent altar of Gozag.
 12975 | D:6      | Found an opulent altar of Gozag.
 13045 | D:6      | Reached skill level 5 in Fighting
 13310 | D:6      | Found a burning altar of Makhleb.
 13315 | D:6      | Found a glowing silver altar of Zin.
 13320 | D:6      | Found a bloodstained altar of Trog.
 13984 | D:7      | Noticed a gargoyle
 14042 | D:7      | Noticed a cyclops
 14463 | D:7      | Killed a gargoyle
 14464 | D:7      | Reached XP level 10. HP: 53/104 MP: 2/19
 15125 | D:7      | Found an ancient bone altar of Kikubaaqudgha.
 15564 | D:7      | Reached skill level 9 in Summonings
 15723 | D:7      | Killed a cyclops
 15911 | D:7      | Reached ***** piety under the Shining One
 16116 | D:8      | Found a sparkling altar of Nemelex Xobeh.
 16156 | D:8      | Reached skill level 1 in Invocations
 16384 | D:8      | Found an ancient bone altar of Kikubaaqudgha.
 17071 | D:8      | Noticed Joseph
 17095 | D:8      | Killed Joseph
 17210 | D:8      | Paralysed by a hornet for 2 turns
 17217 | D:8      | HP: 4/104 [poisoned by a hornet]
 17222 | D:8      | HP: 4/104 [poisoned by a hornet]
 17424 | D:8      | Noticed Erica
 17441 | D:8      | Killed Erica
 17442 | D:8      | Reached skill level 10 in Summonings
 17442 | D:8      | Reached skill level 5 in Invocations
 17442 | D:8      | Reached XP level 11. HP: 99/111 MP: 14/23
 17817 | D:6      | Bought a Fen Folio for 588 gold pieces
 17823 | D:6      | Learned a level 5 spell: Summon Forest
 17831 | D:6      | Learned a level 7 spell: Summon Hydra
 17939 | D:8      | Found a hazy altar of Hepliaklqana.
 17961 | D:8      | Noticed Grum
 17993 | D:8      | Killed Grum
 18955 | D:9      | Noticed an orc sorcerer
 18957 | D:9      | Noticed a deep elf knight
 18959 | D:9      | Found a transporter.
 18962 | D:9      | Noticed an orc high priest
 19145 | D:9      | Found a transporter.
 19312 | D:9      | Found Usmus's Magic Scroll Boutique.
 19379 | D:9      | Found a stormy altar of Qazlal.
 19436 | D:9      | Found a radiant altar of Vehumet.
 19569 | D:9      | Noticed a two-headed hydra
 19582 | D:9      | HP: 5/111 [kobold brigand (8)]
 19587 | D:9      | HP: 4/111 [two-headed hydra (10)]
 19587 | D:9      | HP: 1/111 [kobold brigand (3)]
 19588 | D:9      | Mangled by a two-headed hydra

Illustrated notes

Levels and vault maps discovered:
D:1:      dpeg_arrival_long_road, layout_loops_cross,
          shapermc_ecumenical_altar_flowoftime, st_stairs_6
D:2:      layout_basic, st_stairs_6, minmay_tripent
D:3:      layout_basic, nemelex_diamond_rough_becter
D:4:      gammafunk_steamed_eel, layout_layer_cave, uniq_duvessa
D:5:      kb_forest_paths, layout_basic, eat_drink_and_be_merry_uskayaw,
          minmay_temple_entry_nine_rooms
D:6:      layout_cave_pools, minmay_overflow_temple_star_quad,
          nicolae_gozag_conspicuous_consumption, enter_ossuary_4, serial_shops,
          nicolae_shop_statue_plus, uniq_blork_the_orc, uniq_sigmund
D:7:      minmay_the_grid_four_pointed_star [minmay_the_grid_triangle_9x9_alien,
          minmay_the_grid_triangle_9x9_stretched_checkered,
          minmay_the_grid_triangle_9x9_shrine,
          minmay_the_grid_triangle_9x9_minimal, minmay_the_grid_prize_big_room],
          layout_loops_corners, mainiacjoe_overflow_tiny_flanked,
          minmay_liquid_box, minmay_misc_feat_hallway
D:8:      layout_cave_pods, mainiacjoe_overflow_boulevard,
          hangedman_feature_mirror, uniq_joseph, uniq_grum, uniq_erica
D:9:      gammafunk_wand_slinger, layout_gridville, fiery_altar_vehumet,
          nicolae_qazlal_eye_of_the_storm, serial_shops,
          nicolae_shop_behind_doors, hangedman_ranch
Temple:   nicolae_temple_figure_zero

Skill      XL: |  1  2  3  4  5  6  7  8  9 10 11 |
---------------+----------------------------------+-----
Dodging        | 2 |  2.0
Spellcasting   | 3 4 5 6 8 |  8.8
Stealth        | 2 |  2.0
Summonings     | 4 5 6 7 8 10 | 10.4
Air Magic      | 1 2 3 4 6 7 |  7.0
Fighting       | 8 |  8.0
Invocations    | 5 6 |  6.0

Action                   |  1- 3 |  4- 6 |  7- 9 | 10-12 || total
-------------------------+-------+-------+-------+-------++-------
Melee: Unarmed           |    20 |       |       |       ||    20
       Spear             |    91 |    72 |   259 |   118 ||   540
 Cast: Summon Small Mamm |     8 |     1 |       |       ||     9
       Call Imp          |    13 |     6 |     4 |       ||    23
       Call Canine Famil |     5 |    10 |    30 |    17 ||    62
       Summon Lightning  |       |     3 |    41 |    32 ||    76
       Summon Forest     |       |       |       |     3 ||     3
Invok: Divine Shield     |       |       |     1 |       ||     1
       Summon Divine War |       |       |       |     2 ||     2
Evoke: Wand              |       |     4 |     1 |       ||     5
  Use: Scroll            |     4 |       |    15 |     4 ||    23
       Potion            |     2 |       |     2 |    11 ||    15
 Stab: Sleeping          |     2 |     1 |     1 |       ||     4
       Distracted        |       |       |     3 |       ||     3
Armor: Robe              |    45 |    20 |    59 |    46 ||   170
Dodge: Dodged            |    65 |    30 |   140 |    83 ||   318
Block: Other             |       |       |     2 |       ||     2

Table legend: (Time is in decaauts)
 A = Elapsed time spent in this place.
 B = Non-inter-level travel time spent in this place.
 C = Inter-level travel time spent in this place.
 D = Time resting spent in this place.
 E = Time spent auto-exploring this place.
 F = Levels seen in this place.
 G = Mean time per level.
                   A        B        C        D        E       F      G
               +--------+--------+--------+--------+--------+-----+--------+
         Total |  19659 |  19106 |    553 |   9405 |   7394 |  11 | 1787.2 |
       Dungeon |  19182 |  18638 |    544 |   9405 |   7084 |   9 | 2131.3 |
        Temple |    139 |    130 |      9 |      0 |    114 |   1 |  139.0 |
       Ossuary |    337 |    337 |      0 |      0 |    196 |   1 |  337.0 |
               +--------+--------+--------+--------+--------+-----+--------+

Top non-repeatable levels by time:
     D:4: 3465 daAuts
     D:5: 3026 daAuts
     D:7: 2805 daAuts
     D:1: 2373 daAuts
     D:8: 2199 daAuts
     D:2: 1838 daAuts
     D:3: 1230 daAuts
     D:9: 1157 daAuts
     D:6: 1084 daAuts
 Ossuary: 337 daAuts
  Temple: 139 daAuts
